 Dungeon Crawl Stone Soup version 0.19.4-8-ga85b6b9 (webtiles) character file.

247 empire the Magician (level 5, -8/28 HPs)
             Began as a Deep Elf Air Elementalist on Feb 6, 2017.
             Was a Follower of Sif Muna.
             Killed by divine providence
             ... invoked by an orc priest
              (13 damage)
             ... on level 4 of the Dungeon.
             The game lasted 00:11:41 (3907 turns).

empire the Magician (Deep Elf Air Elementalist)     Turns: 3907, Time: 00:11:42

Health: -8/28      AC:  3    Str:  5    XL:     5   Next: 85%
Magic:  8/13       EV: 13    Int: 21    God:    Sif Muna [*.....]
Gold:   175        SH:  0    Dex: 15    Spells: 5 memorised, 2 levels left

rFire  x . .     SeeInvis .     b - +0 long sword
rCold  + . .     Gourm    .     Z - +0 robe
rNeg   . . .     Faith    .     (no shield)
rPois  .         Spirit   .     X - +0 helmet
rElec  .         Reflect  .     (no cloak)
rCorr  .         Harm     .     (no gloves)
MR     .....                    (no boots)
Stlth  ++........               (no amulet)
                                u - ring of flight
                                d - ring of ice

@: swift (expiring), very slightly contaminated, very quick
A: no striking features
a: Divine Energy, Renounce Religion, Evoke Flight


You were on level 4 of the Dungeon.
You worshipped Sif Muna.
Sif Muna was aware of your devotion.
You were not hungry.

You visited 1 branch of the dungeon, and saw 4 of its levels.

You collected 175 gold pieces.

Inventory:

Hand Weapons
 a - a +0 shortbow
 b - a +0 long sword (weapon)
Missiles
 f - 50 arrows
Armour
 X - a +0 helmet (worn)
 Z - a +0 robe (worn)
Jewellery
 d - a ring of ice (left hand)
 u - a ring of flight (right hand)
Scrolls
 h - 2 scrolls of teleportation
 p - 2 scrolls of recharging
Potions
 i - 3 potions of lignification
 l - 3 potions of curing
 o - 2 potions of berserk rage
 q - a potion of might
Books
 j - a book of Minor Magic

   Spells                             Type                      Level
   a - Magic Dart                     Conjuration                  1
   b - Blink                          Translocation                2
   c - Call Imp                       Summoning                    2
   d - Repel Missiles                 Charms/Air                   2
   e - Slow                           Hexes                        2
   f - Conjure Flame                  Conjuration/Fire             3
   g - Mephitic Cloud                 Conjuration/Poison/Air       3
 n - a book of Air

   Spells                             Type                      Level
   a - Shock                          Conjuration/Air              1
   b - Swiftness                      Charms/Air                   2
   c - Repel Missiles                 Charms/Air                   2
   d - Static Discharge               Conjuration/Air              3
   e - Lightning Bolt                 Conjuration/Air              5
Comestibles
 c - 3 bread rations
 g - 2 meat rations
 r - a royal jelly
 s - 4 chunks of flesh
 w - 2 fruits


   Skills:
 - Level 2.4 Dodging
 - Level 2.4 Stealth
 + Level 4.2 Spellcasting
 + Level 3.7 Conjurations
 + Level 1.7 Charms
 + Level 1.4 Summonings
 + Level 4.1 Air Magic
 + Level 1.0 Poison Magic
 + Level 1.6 Invocations


You had 2 spell levels left.
You knew the following spells:

 Your Spells              Type           Power        Failure   Level  Hunger
a - Shock                 Conj/Air       ###.         2%          1    None
b - Swiftness             Chrm/Air       ###.....     8%          2    #......
c - Repel Missiles        Chrm/Air       ###...       8%          2    #......
d - Mephitic Cloud        Conj/Pois/Air  ###.....     12%         3    ###....
e - Call Imp              Summ           ##......     12%         2    #......


Dungeon Overview and Level Annotations

Branches:
Dungeon (4/15)
 Temple: D:4-7

Altars:
Fedhas
Hepliaklqana
Sif Muna
Trog


Message History

The orc hits you with a dagger.
Unknown command.
Casting: Shock
Confirm with . or Enter, or press ? or * to list all spells.
Aiming: Shock
Press: ? - help, Shift-Dir - straight line, f/p - orc
Aim: an orc, wielding a dagger and wearing a chain mail (severely wounded)
The zap hits the orc.
You kill the orc!
Sif Muna accepts your kill.
The zap hits the orc priest.
The orc priest is almost dead.
The zap hits something.
The zap hits the orc wizard.
The orc wizard is almost dead.
The orc priest invokes the aid of Beogh against you.
Pain shoots through your body!
* * * LOW HITPOINT WARNING * * *
The orc priest calls down the wrath of Beogh upon you.
Beogh smites you!
You die...

,,,,,,,,,,..........#.#..+.......
...,,***#########.###.#.##.......
...,,* #[......#.#...#.........#
...,,* #.#.....#.#.#<=.....###.#
...,,* #.#.....#.#.#.......+,*,#
...,,* #.#.....#.#.#.......#,*,*
[..*** #.#.....#.#.#.#'#...#,*,*
...######o#.....#.#.#.#.#.#.#.*,*
...'...O..'o)...@..............>*
...#..#####.)...#.#.#.#.###.###**
...##.....+.........#.#...,..,,,,
.%.*#.....#.....#.###.#.###,##***
...*#.....#.....#.# #.#..,,,* *
.o.*##+#+##.....#.# #.#.#**** *
O..,,,,,,*#.....#.# #.#..,* ***
...,,,,,,*#####.#.# #.#<.,*****,*
,,,,,,,,,******,*,***+*,,,,,,,,,*


You could see an orc priest and an orc wizard.

Vanquished Creatures
  The ghost of Azzok the Chopper, a weakling DDBe of Trog (D:3)
  An orc wizard (D:3)
  Jessica (D:2)
  A howler monkey zombie (D:4)
  2 adders
  4 worms
  A leopard gecko (D:2)
  11 orcs
  4 giant cockroaches
  16 goblins
  9 hobgoblins
  5 jackals
  A quokka (D:3)
  A ball python (D:4)
  6 bats
  14 frilled lizards
  6 kobolds
  12 rats
96 creatures vanquished.

Notes
Turn   | Place    | Note
-------+----------+-------------------------------------------
     0 | D:1      | empire the Deep Elf Air Elementalist began the quest for the Orb.
     0 | D:1      | Reached XP level 1. HP: 10/10 MP: 6/6
   322 | D:2      | Reached XP level 2. HP: 15/15 MP: 8/8
   707 | D:2      | Reached XP level 3. HP: 19/19 MP: 7/10
   739 | D:2      | Noticed Jessica
   750 | D:2      | Killed Jessica
  1188 | D:1      | Reached XP level 4. HP: 24/24 MP: 9/11
  2286 | D:2      | Found a blossoming altar of Fedhas.
  2415 | D:2      | Found a deep blue altar of Sif Muna.
  2421 | D:2      | Became a worshipper of Sif Muna the Loreminder
  2425 | D:2      | Learned a level 2 spell: Swiftness
  2428 | D:2      | Learned a level 2 spell: Repel Missiles
  2432 | D:2      | Learned a level 3 spell: Mephitic Cloud
  2435 | D:2      | Learned a level 2 spell: Call Imp
  2895 | D:3      | Found a hazy altar of Hepliaklqana.
  2916 | D:3      | Reached skill level 1 in Invocations
  2921 | D:3      | Noticed Azzok's ghost (weakling DDBe)
  2935 | D:3      | Killed Azzok's ghost
  2935 | D:3      | Reached skill level 1 in Charms
  2935 | D:3      | Reached XP level 5. HP: 11/28 MP: 4/13
  3370 | D:3      | Reached skill level 1 in Summonings
  3373 | D:3      | Found a bloodstained altar of Trog.
  3620 | D:3      | Reached skill level 1 in Poison Magic
  3621 | D:3      | Reached * piety under Sif Muna
  3888 | D:4      | Noticed an ogre
  3907 | D:4      | Killed from afar by an orc priest

Skill      XL: |  1  2  3  4  5 |
---------------+----------------+-----
Conjurations   | 2 3 |  3.7
Spellcasting   | 4 |  4.2
Invocations    | 1 |  1.6
Charms         | 1 |  1.7
Air Magic      | 4 |  4.1
Summonings     | 1 |  1.4
Poison Magic   | 1 |  1.0
Dodging        | |  2.4
Stealth        | |  2.4

Action                   |  1- 3 |  4- 6 || total
-------------------------+-------+-------++-------
Melee: Falchion          |    28 |    11 ||    39
 Cast: Shock             |    45 |   118 ||   163
       Swiftness         |       |     2 ||     2
  Use: Potion            |     1 |       ||     1
       Scroll            |       |     9 ||     9
 Stab: Sleeping          |     3 |     1 ||     4
  Eat: Chunk             |     1 |     8 ||     9
Armor: Robe              |     7 |     7 ||    14
Dodge: Dodged            |    36 |    24 ||    60
       Rpst.: Falchion   |     9 |     2 ||    11
       Long sword        |       |     3 ||     3
